 Dungeon Crawl Stone Soup version 0.18-a0-1300-g6e8322c (webtiles) character file.

109 Oddball22 the Insei (level 4, 0/37 HPs)
             Began as a Draconian Transmuter on Feb 12, 2016.
             Killed from afar by an orc wizard (6 damage)
             ... with a magic dart
             ... on level 4 of the Dungeon.
             The game lasted 00:10:23 (3424 turns).

Oddball22 the Insei (Draconian Transmuter)          Turns: 3424, Time: 00:10:23

Health: 0/37       AC:  6    Str:  9 (12) XL:     4   Next: 60%
Magic:  7/7        EV: 12    Int: 11 (13) God:
Gold:   144        SH:  0    Dex: 12 (13) Spells: 3 memorised, 1 level left

rFire  . . .     SeeInvis .       - Unarmed
rCold  . . .     Gourm    .     (armour unavailable)
rNeg   . . .     Faith    .     (no shield)
rPois  .         Spirit   .     (helmet restricted)
rElec  .         Dismiss  .     o - +0 cloak
rCorr  .         Reflect  .     (no gloves)
SustAt .         Harm     .     (no boots)
MR     .....                    e - amulet of magic regeneration
Stlth  +.........               (no ring)
                                (no ring)

@: drained, not resistant to hostile enchantments, very unstealthy
A: unfitting armour, cold-blooded, AC +5
a: no special abilities


You were on level 4 of the Dungeon.
You were not hungry.

You visited 1 branch of the dungeon, and saw 4 of its levels.

You collected 144 gold pieces.

Inventory:

Missiles
 a - 76 arrows
 d - 10 arrows of flame
Armour
 o - a +0 cloak (worn)
Jewellery
 e - an amulet of magic regeneration (around neck)
Scrolls
 f - 2 scrolls of teleportation
 j - a scroll of recharging {unknown}
 k - a scroll of remove curse
 n - a scroll of magic mapping {unknown}
 q - 4 scrolls of identify
 t - a scroll of fog {unknown}
 u - a scroll of immolation {unknown}
Potions
 g - a potion of brilliance
 r - a potion of agility
 s - a potion of cancellation
Books
 b - a book of Changes

   Spells                             Type                      Level
   a - Beastly Appendage              Transmutation                1
   b - Sticks to Snakes               Transmutation                2
   c - Spider Form                    Transmutation/Poison         3
   d - Ice Form                       Ice/Transmutation            4
   e - Blade Hands                    Transmutation                5
Comestibles
 c - 2 bread rations
 h - a slice of pizza
 i - 2 meat rations
 m - a beef jerky
 p - 3 fruits


   Skills:
 + Level 2.8(2.1) Fighting
 + Level 2.6(1.9) Dodging
 * Level 4.2(3.4) Unarmed Combat
 - Level 2.0(1.2) Spellcasting
 - Level 2.0(1.2) Transmutations


You had one spell level left.
You knew the following spells:

 Your Spells              Type           Power        Failure   Level  Hunger
a - Beastly Appendage     Trmt           #.....       21%         1    ##.....
b - Sticks to Snakes      Trmt           #.......     30%         2    ###....
c - Spider Form           Trmt/Pois      #.........   83%         3    ####...


Dungeon Overview and Level Annotations

Branches:
Dungeon (4/15)
 Temple: D:4-7

Altars:
Trog


Innate Abilities, Weirdness & Mutations

Your plain brown scales are hard (AC +5).
Your body does not fit into most forms of armour.
You are cold-blooded and may be slowed by cold attacks.


Message History

It was a potion of agility.
You feel agile all of a sudden. The orc wizard barely misses you.
Drink which item? (? for menu, Esc to quit)
It was a potion of cancellation.
Your magical effects are unravelling.
Your magical contamination has completely faded away.
You feel magically purged.
You feel a little less agile now.
The orc wizard gestures at you while chanting.
The puff of frost misses you.
The orc wizard hits you but does no damage.
You barely miss the orc wizard.
The orc wizard is severely wounded.
The orc wizard looks braver for a moment.
You hit the orc wizard but do no damage.
The orc wizard is heavily wounded.
The orc wizard gestures at you while chanting.
The magic dart hits you!
You die...

#
.####.###########
.....oo@b........
###..o###.#######
.......b.b.......
.##.(###..#######
#....b.bb.....
#.####..###### #.
#..b..... #.
###.######.
#.##.._..####...


You could see an orc wizard and 2 orcs.

Vanquished Creatures
  4 adders
  An ooze (D:4)
  A giant gecko (D:1)
  5 bats
  6 giant cockroaches
  8 goblins
  12 hobgoblins
  3 jackals (D:1)
  8 kobolds
  A quokka (D:2)
  A ball python (D:1)
  6 giant newts
  5 rats
61 creatures vanquished.

Notes
Turn   | Place    | Note
--------------------------------------------------------------
     0 | D:1      | Oddball22 the Draconian Transmuter began the quest for the Orb.
     0 | D:1      | Reached XP level 1. HP: 16/16 MP: 3/3
   274 | D:1      | Reached XP level 2. HP: 19/24 MP: 3/5
  1100 | D:1      | Reached XP level 3. HP: 29/29 MP: 6/6
  1923 | D:2      | Learned a level 2 spell: Sticks to Snakes
  1927 | D:2      | Learned a level 3 spell: Spider Form
  1969 | D:2      | Reached skill level 4 in Unarmed Combat
  1969 | D:2      | Reached XP level 4. HP: 30/37 MP: 5/7
  3284 | D:3      | Found a faded altar to an unknown god.
  3382 | D:4      | Found a bloodstained altar of Trog.
  3424 | D:4      | Killed from afar by an orc wizard

Vault maps used:
D:1:      dpeg_arrival_round_a
D:3:      ecumenical_altar_2
D:4:      lemuel_crystal_altar, serial_shops, shop, first_bread,
          portal_sewer_entry_f, gammafunk_pakellas_cloud_experiment,
          uniq_eustachio, uniq_sigmund

Action                   |  1- 3 |  4- 6 || total
-------------------------+-------+-------++-------
Melee: Unarmed           |   205 |    96 ||   301
 Cast: Beastly Appendage |    16 |    12 ||    28
       Spider Form       |     1 |     2 ||     3
  Use: Scroll            |     4 |       ||     4
       Potion            |       |     4 ||     4
 Stab: Sleeping          |     1 |       ||     1
  Eat: Chunk             |     4 |     5 ||     9
       Fruit             |       |     1 ||     1
